 Dungeon Crawl Stone Soup version 0.25-a0-576-g50b708a4c4 (webtiles) character file.

Game seed: 17758387040457785640, levelgen mode: deterministic

57 Flugslaktarn the Covered (level 3, -6/34 HPs)
             Began as a Deep Dwarf Fighter on Mar 1, 2020.
             Splashed by Ijyb's acid (10 damage)
             ... on level 3 of the Dungeon.
             The game lasted 00:00:31 (620 turns).

Flugslaktarn the Covered (Deep Dwarf Fighter)        Turns: 620, Time: 00:00:31

Health: -6/34      AC:  5    Str: 20    XL:     3   Next: 73%
Magic:  3/3        EV:  5    Int:  8    God:
Gold:   23         SH:  9    Dex: 12    Spells: 2/2 levels left

rFire    . . .     SeeInvis .   a - +0 war axe
rCold    . . .     Gourm    .   c - +0 kite shield
rNeg     . . .     Faith    .   i - +0 chain mail
rPois    .         Spirit   .   (no helmet)
rElec    .         Reflect  .   (no cloak)
rCorr    .         Harm     .   (no gloves)
MR       .....                  (no boots)
Stlth    ..........             (no amulet)
HPRegen  0.00/turn              (no ring)
MPRegen  0.08/turn              (no ring)

@: corroded, non-regenerating
A: damage resistance, heal wounds, sense surroundings 1, no regeneration
a: Heal Wounds


You were on level 3 of the Dungeon.
You were not hungry.

You visited 1 branch of the dungeon, and saw 3 of its levels.

You collected 23 gold pieces.

Inventory:

Hand Weapons
 a - a +0 war axe (weapon)
Armour
 b - a +0 scale mail
 c - a +0 kite shield (worn)
 i - a +0 chain mail (worn)
   (You found it on level 2 of the Dungeon)
Scrolls
 g - a scroll of remove curse {unknown}
 h - 2 scrolls of identify {unknown}
 j - 3 scrolls of teleportation {unknown}
 k - a scroll of fear {unknown}
 l - a scroll of enchant weapon {unknown}
Potions
 d - a potion of might
Comestibles
 e - 4 rations
 f - 16 chunks of flesh


   Skills:
 + Level 3.0 Fighting
 * Level 3.3 Axes
 + Level 3.7 Armour
 + Level 3.7 Shields


You had 2 spell levels left.
You didn't know any spells.
Your spell library was empty.

Dungeon Overview and Level Annotations

Branches:
Dungeon (3/15)

Altars:

Annotations:
D:3 Ijyb


Innate Abilities, Weirdness & Mutations

You are resistant to damage.
You can heal yourself by infusing magical energy.
You passively map a small area around you.
You do not regenerate.


Message History

Ijyb is nearby!
Ijyb is nearby!
Ijyb is nearby!
Ijyb hits you but does no damage.
You closely miss Ijyb. Ijyb hits you but does no damage.
You closely miss Ijyb.
Ijyb zaps a wand.
The bolt of acid hits you! The acid corrodes you!
You are splashed with acid!
You block Ijyb's attack.
Your shield and chain mail prevent you from hitting Ijyb.
You block Ijyb's attack.
You slash Ijyb!
Ijyb is moderately wounded.
You block Ijyb's attack.
Ijyb screams, "No!
No, no, no, no!"
Ijyb hits you but does no damage.
You hit Ijyb.
Ijyb is heavily wounded.
Ijyb zaps a wand.
The bolt of acid hits you!
* * * LOW HITPOINT WARNING * * *
You are splashed with acid!
You die...

* #......## * .# *
##.#..... , ,..
#.###### *** .# #.# ,*
.# * ##'## * ###.# *
##...## * #... ,#
##.....##
#.g##.###.......##
##.@.#.##.........##
#.##.......'........[+.
#.........##.........##
#####..######...)...##
#.## ##.....## #.#
##...## #.# ##'## ##.#
#.# ### #..# #.# #..


You could see Ijyb.

Vanquished Creatures
  An adder (D:3)
  An ooze (D:3)
  2 leopard geckos (D:2)
  5 orcs (D:3)
  3 bats
  A giant cockroach (D:1)
  2 goblins
  3 hobgoblins (D:3)
  8 jackals (D:3)
  2 kobolds
  2 frilled lizards
  2 rats (D:2)
32 creatures vanquished.

Notes
Turn   | Place    | Note
-------+----------+-------------------------------------------
     0 | D:1      | Flugslaktarn the Deep Dwarf Fighter began the quest for the
                  | Orb.
     0 | D:1      | Reached XP level 1. HP: 20/20 MP: 1/1
   140 | D:2      | Reached XP level 2. HP: 20/27 MP: 2/2
   274 | D:3      | Reached XP level 3. HP: 29/33 MP: 3/3
   612 | D:3      | Noticed Ijyb
   620 | D:3      | Splashed by Ijyb's acid

Levels and vault maps discovered:
D:1:      lemuel_arrival_hallway, layout_basic, minivault_5
D:2:      layout_basic, nicolae_qazlal_general_emergency
D:3:      kennysheep_the_goblin_king, layout_loops_corners, first_ration,
          uniq_ijyb

Skill      XL: |  1  2  3 |
---------------+----------+-----
Axes           | 3 |  3.3
Fighting       | 3 |  3.0
Armour         | |  3.7
Shields        | |  3.7

Action                   || total
-------------------------++-------
Melee: War axe           ||   115
 Abil: Heal Wounds       ||     1
Armor: Scale mail        ||    12
       Chain mail        ||    51
Dodge: Dodged            ||    31
Block: Kite shield       ||    62

Table legend:
 A = Non-vault XP
 B = Vault XP
 C = Vault XP percentage of total XP
 D = Non-vault monster count
 E = Vault monster count
 F = Vault count percentage of total count
                 A         B        C        D         E       F
            +---------+---------+-------+---------+---------+-------
      Total |      82 |       0 |   0.0 |      32 |       0 |   0.0
            +---------+---------+-------+---------+---------+-------
        D:1 |       8 |       0 |   0.0 |       5 |       0 |   0.0
        D:2 |      12 |       0 |   0.0 |       6 |       0 |   0.0
        D:3 |      62 |       0 |   0.0 |      21 |       0 |   0.0
            +---------+---------+-------+---------+---------+-------
